 Dungeon Crawl Stone Soup version 0.29.1-1-gd02db6906a (webtiles) character file.

Game seed: 8829417170835578385

10290 Hadkhar the Blocker (level 11, -14/93 HPs)
             Began as a Formicid Fighter on Sept 29, 2022.
             Was a High Priest of Okawaru.
             Hit by a large rock thrown by a cyclops (36 damage)
             ... on level 9 of the Dungeon.
             The game lasted 01:02:39 (11090 turns).

Hadkhar the Blocker (Formicid Fighter)             Turns: 11090, Time: 01:02:40

Health: -14/93     AC: 18    Str: 26    XL:     11   Next: 90%
Magic:  11/11      EV: 10    Int:  5    God:    Okawaru [*****.]
Gold:   571        SH:  7    Dex: 17    Spells: 10/10 levels left

rFire   + . .      SeeInvis +   t - +7 Throatcutter {drain, coup de grace}
rCold   . . .      Faith    .   c - +0 buckler
rNeg    + + +      Spirit   .   D - +9 scale mail of the Trout {rF+ Dex+2}
rPois   .          Reflect  .   (helmet unavailable)
rElec   .          Harm     .   (no cloak)
rCorr   +          Rampage  .   p - +0 pair of gloves
Will    +....                   (no boots)
Stlth   ..........              (no amulet)
HPRegen 0.25/turn               f - ring of positive energy
MPRegen 0.12/turn               g - ring of Lucidity {rN++ rCorr Str+3 Int-3 Slay+3}

@: no status effects
A: permanent stasis, dig shafts and tunnels, antennae 3, four strong arms
a: Dig, Shaft Self, Renounce Religion, Heroism, Finesse, Duel


You were on level 9 of the Dungeon.
You worshipped Okawaru.
Okawaru was extremely pleased with you.
You visited 2 branches of the dungeon, and saw 10 of its levels.
You also visited: Bailey.

You collected 571 gold pieces.

Inventory:

Hand Weapons
 t - the +7 Throatcutter (weapon) {drain, coup de grace}
   (You took it off Terence on level 2 of the Dungeon)

   A truly terrible weapon, it drains the life of any living foe it strikes.
   It may instantly kill foes which have little health.
 E - a +4 long sword of freezing
 I - a +7 scimitar of holy wrath
Missiles
 a - 5 boomerangs
 b - 37 poisoned darts
 u - 2 throwing nets
 C - 11 curare-tipped darts (quivered)
Armour
 c - a +0 buckler (worn)
 p - a +0 pair of gloves (worn)
 D - the +9 scale mail of the Trout (worn) {rF+ Dex+2}
   (You found it on level 5 of the Dungeon)

   Dex:       It affects your dexterity (+2).
   rF:        It protects you from fire.
 N - the +5 plate armour of Fada {Rampage rF+ rC+++}
   (Okawaru gifted it to you on level 8 of the Dungeon)

   rF:        It protects you from fire.
   rC:        It renders you almost immune to cold.
   Rampage:   It bestows one free step when moving towards enemies.
Jewellery
 f - a ring of positive energy (left hand)
 g - the ring of Lucidity (right hand) {rN++ rCorr Str+3 Int-3 Slay+3}
   (You found it on level 6 of the Dungeon)

   [ring of resist corrosion]

   Str:       It affects your strength (+3).
   Int:       It affects your intelligence (-3).
   Slay:      It affects your accuracy & damage with ranged weapons and melee
   (+3).
   rN:        It greatly protects you from negative energy.
   rCorr:     It protects you from acid and corrosion.
Wands
 e - a wand of digging (4)
 q - a wand of polymorph (3)
 x - a wand of light (5)
 B - a wand of paralysis (8)
 F - a wand of iceblast (17)
 H - a wand of flame (12)
Scrolls
 i - 2 scrolls of amnesia
 o - 2 scrolls of poison {unknown}
 v - 2 scrolls of noise {unknown}
 w - a scroll of immolation {unknown}
 y - 2 scrolls of fog {unknown}
 J - a scroll of magic mapping {unknown}
 K - a scroll of blinking {unknown}
 L - a scroll of fear {unknown}
 M - 6 scrolls of enchant armour
 Q - 2 scrolls of identify
 R - a scroll of silence {unknown}
Potions
 d - 3 potions of might
 h - a potion of attraction
 j - 2 potions of mutation {unknown}
 k - 3 potions of resistance
 l - 4 potions of curing
 n - 4 potions of brilliance {unknown}
 r - 2 potions of magic
 s - a potion of degeneration {unknown}
 z - a potion of heal wounds {unknown}
 A - a potion of flight {unknown}
 G - a potion of ambrosia {unknown}
 O - a potion of experience
 P - 4 potions of invisibility {unknown}


   Skills:
 + Level 11.5 Fighting
 * Level 8.6 Long Blades
 - Level 3.0 Axes
 + Level 9.4 Armour
 + Level 12.2 Shields


You had 10 spell levels left.
You didn't know any spells.
Your spell library contained the following spells:

 Spells                   Type           Power      Damage    Failure   Level
 Foxfire                  Conj/Fire      0%         2x1d4     77%         1
 Ensorcelled Hibernation  Hex/Ice        0%         N/A       88%         2
 Passwall                 Tmut/Erth      0%         N/A       88%         2
 Static Discharge         Conj/Air       0%         3-3/arc   88%         2
 Conjure Flame            Conj/Fire      0%         6-21      98%         3
 Frozen Ramparts          Ice            0%         1d1       98%         3
 Inner Flame              Hex/Fire       0%         N/A       98%         3
 Flame Wave               Conj/Fire      0%         2d4       100%        4
 Ice Form                 Ice/Tmut       0%         N/A       100%        4
 Lightning Bolt           Conj/Air       0%         1d11      100%        5
 Maxwell's Capacitive Co  Air            0%         ∞         100%        8
 Swiftness                Air            Unusable   N/A       N/A         3
 Summon Ice Beast         Ice/Summ       Unusable   N/A       N/A         4

Dungeon Overview and Level Annotations

Branches:
Dungeon (9/15)             Temple (1/1) D:5             Orc (0/2) D:9
 Bailey (visited)
   Lair: D:8-11

Altars:
Ashenzari
Cheibriados
Dithmenos
Elyvilon
Fedhas
Gozag
Hepliaklqana
Kikubaaqudgha
Makhleb
Nemelex Xobeh
Okawaru
Qazlal
Ru
Sif Muna
Trog
Uskayaw
Vehumet
Wu Jian
Xom
Zin
The Shining One

Shops:
D:1 [

Annotations:
D:9 exclusion: obsidian statue


Innate Abilities, Weirdness & Mutations

You cannot be hasted, slowed, berserked, paralysed or teleported.
You can dig through walls and to a lower floor.
You have a pair of large antennae on your head. (SInv)
Your four strong arms can wield two-handed weapons with a shield.


Message History

Okay, then.
The manticore flicks its tail.
The volley of spikes hits you!
The barbed spikes become lodged in your body.
The barbs in your skin will harm you if you move.
Continue?
The barbed spikes dig painfully into your body as you move.
The manticore bites you but does no damage.
You block the manticore's attack. x2
You hit the manticore.
The manticore is lightly wounded.
The manticore bites you! You block the manticore's attack.
The manticore barely misses you.
You slash the manticore! You drain the manticore.
The manticore is moderately wounded.
The manticore barely misses you. The manticore claws you!
The manticore claws you but does no damage.
You hit the manticore. You drain the manticore.
The manticore is heavily wounded.
The manticore bites you. The manticore misses you.
The manticore claws you but does no damage.
You hit the manticore.
The manticore is severely wounded.
The manticore bites you!
The manticore claws you but does no damage.
The manticore closely misses you.
You slash the manticore! You drain the manticore.
The manticore is almost dead.
The manticore bites you. The manticore closely misses you.
The manticore claws you but does no damage.
You hit the manticore. You drain the manticore.
You kill the manticore!
Okawaru accepts your kill.
The barbed spikes dig painfully into your body as you move.
* * * LOW HITPOINT WARNING * * *
The barbed spikes snap loose.
You block the cyclops's attack.
The cyclops throws a large rock.
The large rock hits you.
* * * LOW HITPOINT WARNING * * *
The cyclops throws a large rock.
The large rock hits you!!!
You die...

................#{{{{{§§8..
.................#§§§≈S§§§≈≈
....########.....#§§§§§§§§§§
....########.....##§§§§§§§
..................##≈§§§§
.............###### #≈≈≈§
.............#########§ #
...)........C........## ##
..<.............@.....# #####.
###).#############..### #...##
#..# #..########...##
###..#############...............
.............[...................
.................###########.....
.>.....########..# #.####
.................###########.....
>................................


You could see a cyclops.

Vanquished Creatures
  Gastronok (D:8)
  A two-headed ogre (D:9)
  Pikel (D:6)
  2 orc knights (Bailey)
  A manticore (D:9)
  Maurice (D:8)
  Joseph (D:7)
  Grinder (D:4)
  A vampire (D:9)
  2 wargs (D:9)
  2 water moccasins
  3 ice beasts
  11 orc warriors
  4 black bears
  4 ogres
  3 centaurs
  A lemure (D:6)
  A phantom (D:4)
  Blork the orc (D:4)
  A kobold brigand (D:8)
  7 bullfrogs
  A scorpion (D:6)
  A necrophage (D:7)
  8 wights
  21 killer bees
  A jelly (D:6)
  A lava snake (D:9)
  4 orc priests (D:9)
  3 hounds
  A gnoll bouda (D:4)
  Terence (D:2)
  7 iguanas
  Natasha (thrice) (D:2)
  5 orc wizards
  Robin (D:2)
  16 gnolls
  9 adders
  A shadow imp (D:7)
  2 ufetubi
  4 worms
  A dart slug (D:4)
  54 orcs
  8 endoplasms
  7 giant cockroaches
  24 goblins
  16 hobgoblins
  17 kobolds
  4 quokkas
  2 ball pythons
  3 bats
  5 frilled lizards
  8 rats
289 creatures vanquished.

Vanquished Creatures (others)
  2 ghouls (D:1)
  An elf (D:1)
  2 merfolk (D:1)
  A spriggan (D:1)
  A vampire (D:1)
  A human (D:1)
  A demigod (D:1)
  2 nagas (D:1)
  An ogre (D:1)
  A bush (D:5)
  4 plants (D:5)
  5 tentacles (D:1)
22 creatures vanquished.

Grand Total: 311 creatures vanquished

Notes
Turn   | Place    | Note
-------+----------+-------------------------------------------
     0 | D:1      | Hadkhar the Formicid Fighter began the quest for the Orb.
     0 | D:1      | Reached XP level 1. HP: 18/18 MP: 1/1
     0 | D:1      | Noticed a merfolk
     0 | D:1      | Noticed a naga
     0 | D:1      | Noticed an elf
     0 | D:1      | Noticed an ogre
     0 | D:1      | Noticed a ghoul
     0 | D:1      | Noticed a kraken
     0 | D:1      | Noticed a vampire
     0 | D:1      | Noticed a human
     0 | D:1      | Noticed a ghoul
     0 | D:1      | Noticed a merfolk
     0 | D:1      | Noticed a naga
     0 | D:1      | Noticed a spriggan
     0 | D:1      | Noticed a demigod
     4 | D:1      | Killed an ogre
     7 | D:1      | Killed a merfolk
    10 | D:1      | Killed a ghoul
    10 | D:1      | Killed a naga
    10 | D:1      | Killed a merfolk
    11 | D:1      | Killed an elf
    11 | D:1      | Killed a naga
    11 | D:1      | Killed a spriggan
    13 | D:1      | Killed a vampire
    14 | D:1      | Killed a demigod
    14 | D:1      | Killed a human
    16 | D:1      | Killed a ghoul
    95 | D:1      | Reached XP level 2. HP: 24/24 MP: 2/2
   330 | D:1      | Reached XP level 3. HP: 30/30 MP: 3/3
   480 | D:1      | Found Myfraem's Antique Armour Boutique.
   819 | D:2      | Noticed Robin
   835 | D:2      | Reached XP level 4. HP: 32/37 MP: 4/4
   856 | D:2      | Killed Robin
  1291 | D:2      | Noticed Natasha
  1302 | D:2      | Killed Natasha
  1303 | D:2      | Reached XP level 5. HP: 16/43 MP: 5/5
  1687 | D:2      | Noticed Natasha
  1692 | D:2      | Killed Natasha
  1693 | D:2      | Reached skill level 5 in Shields
  1787 | D:2      | Noticed Natasha
  1800 | D:2      | Killed Natasha
  1843 | D:2      | Noticed Terence
  1850 | D:2      | Killed Terence
  1851 | D:2      | Reached skill level 5 in Fighting
  1851 | D:2      | Reached XP level 6. HP: 13/47 MP: 6/6
  2938 | D:3      | Found a faded altar of an unknown god.
  3004 | D:3      | Reached skill level 1 in Long Blades
  3110 | D:4      | Noticed Blork the orc
  3169 | D:4      | You fall into a shaft and drop 2 floors!
  3183 | D:5      | Entered Level 5 of the Dungeon
  3288 | D:5      | Found a staircase to the Ecumenical Temple.
  3294 | Temple   | Entered the Ecumenical Temple
  3311 | Temple   | Became a worshipper of Warmaster Okawaru
  3444 | D:5      | Noticed an ogre
  3452 | D:5      | Killed an ogre
  3453 | D:5      | Reached XP level 7. HP: 56/57 MP: 7/7
  3479 | D:5      | Identified the +9 scale mail of the Trout {rF+ Dex+2}
  3555 | D:5      | Noticed a water moccasin
  3564 | D:5      | Killed a water moccasin
  3564 | D:5      | Reached * piety under Okawaru
  3565 | D:5      | Reached skill level 6 in Shields
  3567 | D:5      | Reached skill level 5 in Armour
  3647 | D:5      | Reached XP level 8. HP: 64/65 MP: 8/8
  3796 | D:5      | Found a blossoming altar of Fedhas.
  3957 | D:5      | Reached ** piety under Okawaru
  3965 | D:5      | Reached skill level 7 in Shields
  4905 | D:4      | Reached XP level 9. HP: 74/74 MP: 9/9
  5124 | D:4      | Found an opulent altar of Gozag.
  5224 | D:4      | Found a bloodstained altar of Trog.
  5224 | D:4      | Noticed Grinder
  5231 | D:4      | Killed Grinder
  5248 | D:4      | Killed Blork the orc
  5574 | D:4      | Found an ornate altar of the Wu Jian Council.
  5615 | D:4      | Reached skill level 8 in Shields
  6013 | D:6      | Reached *** piety under Okawaru
  6080 | D:6      | Identified the ring of Lucidity {rN++ rCorr Str+3 Int-3
                  | Slay+3}
  6283 | D:6      | Found a broken altar of Ashenzari.
  6474 | D:6      | Found a sparkling altar of Nemelex Xobeh.
  6666 | D:6      | Noticed Pikel
  6673 | D:6      | Killed Pikel
  6673 | D:6      | Reached **** piety under Okawaru
  6674 | D:6      | Reached skill level 5 in Long Blades
  6674 | D:6      | Reached XP level 10. HP: 85/85 MP: 10/10
  6827 | D:7      | Reached skill level 10 in Fighting
  6845 | D:7      | Reached skill level 9 in Shields
  7268 | D:7      | Noticed Joseph
  7275 | D:7      | Killed Joseph
  7763 | D:8      | Noticed Gastronok
  7780 | D:8      | Killed Gastronok
  7780 | D:8      | Reached ***** piety under Okawaru
  7781 | D:8      | Reached skill level 10 in Shields
  7885 | D:8      | Noticed Maurice
  7896 | D:8      | Killed Maurice
  7897 | D:8      | Reached skill level 11 in Shields
  7897 | D:8      | Reached XP level 11. HP: 85/92 MP: 11/11
  7943 | D:8      | Identified the +5 plate armour of Fada {Rampage rF+ rC+++}
                  | (Okawaru gifted it to you on level 8 of the Dungeon)
  7943 | D:8      | Received a gift from Okawaru
  8127 | D:8      | Found a flagged portal.
  8143 | Bailey   | Entered a bailey
  8755 | Bailey   | Noticed an orc knight
  8755 | Bailey   | Noticed an orc knight
  8804 | Bailey   | Killed an orc knight
  8811 | Bailey   | Killed an orc knight
  9745 | D:9      | Noticed a two-headed ogre
  9753 | D:9      | Killed a two-headed ogre
  9862 | D:9      | Found a radiant altar of Vehumet.
 10264 | D:9      | Found a white marble altar of Elyvilon.
 10275 | D:9      | Found a sacrificial altar of Ru.
 10325 | D:9      | Reached skill level 12 in Shields
 10561 | D:9      | Found a staircase to the Orcish Mines.
 10688 | D:9      | Noticed an obsidian statue
 10785 | D:9      | Found a stormy altar of Qazlal.
 11060 | D:9      | Noticed a cyclops
 11060 | D:9      | Noticed a manticore
 11086 | D:9      | Killed a manticore
 11090 | D:9      | Hit by a large rock thrown by a cyclops

Illustrated notes

Levels and vault maps discovered:
D:1:      nicolae_arrival_kraken_aquarium_a, layout_rooms, serial_shops, shop,
          minmay_three_crescents
D:2:      layout_basic, uniq_natasha, uniq_terence, uniq_robin
D:3:      layout_rooms, hellmonk_ecumenical_altar_leap_of_faith
D:4:      layout_basic, general_overflow_altar, bloody_trog,
          grunt_gozag_statues, st_stairs_8, minivault_27, grunt_decor_junction,
          uniq_blork_the_orc, uniq_grinder
D:5:      corexii_shantytown, layout_basic, fedhas_bush_and_centaur_altar,
          temple_green
D:6:      layout_loops_ring, mainiacjoe_overflow_alcove_2,
          kennysheep_little_box, uniq_pikel
D:7:      layout_cave_pods, uniq_joseph
D:8:      layout_basic, enter_bailey_5, uniq_maurice, uniq_gastronok
D:9:      kennysheep_big_flooded_room, layout_long_grid,
          mainiacjoe_overflow_surrounded_room, lemuel_crystal_altar,
          mainiacjoe_overflow_swirl, erik_orc_3, minivault_16, eino_curves_03
Temple:   minmay_freezing_vapour_temple

Skill      XL: |  1  2  3  4  5  6  7  8  9 10 11 |
---------------+----------------------------------+-----
Fighting       | 4 5 6 7 9 10 11 | 11.5
Armour         | 4 5 6 7 8 9 |  9.4
Shields        | 5 6 7 8 11 12 | 12.2
Axes           | 3 |  3.0
Long Blades    | 1 2 3 5 6 8 |  8.6

Action                   |  1- 3 |  4- 6 |  7- 9 | 10-12 || total
-------------------------+-------+-------+-------+-------++-------
Melee: War axe           |    60 |    86 |       |       ||   146
       Long sword        |       |    66 |   178 |   238 ||   482
       Great mace        |       |     8 |       |       ||     8
       Unarmed           |       |       |    11 |       ||    11
       Scimitar          |       |       |       |    21 ||    21
Throw: Dart              |       |       |       |    12 ||    12
Evoke: Wand              |       |     1 |       |    14 ||    15
  Use: Scroll            |       |       |     6 |     6 ||    12
       Potion            |       |       |     1 |       ||     1
 Stab: Invisible         |       |     2 |       |       ||     2
Armor: Scale mail        |    33 |    66 |    85 |   146 ||   330
Dodge: Dodged            |    24 |    58 |    66 |   170 ||   318
Block: Buckler           |    13 |    27 |    41 |   117 ||   198
